 Dungeon Crawl Stone Soup version 0.31-a0-654-gbe3e110b4e (webtiles) character file.

Game seed: 16064751745906326780

1303 Dittersdorf the Shield-Bearer (level 8, -1/52 HPs)
             Began as a Gargoyle Fighter on Aug 29, 2023.
             Was an Initiate of Gozag.
             Slain by a wight
             ... wielding a +4 halberd
              (15 damage)
             ... on level 6 of the Dungeon.
             The game lasted 00:06:19 (5053 turns).

Dittersdorf the Shield-Bearer (Gargoyle Fighter)    Turns: 5053, Time: 00:06:20

Health: -1/52      AC: 12    Str: 23    XL:     8   Next: 57%
Magic:  8/8        EV:  8    Int:  8    God:    Gozag
Gold:   824        SH: 13    Dex:  9    Spells: 7/7 levels left

rFire   . . .        a - +0 flail
rCold   . . .        m - +0 tower shield
rNeg    + . .        l - +0 ring mail of Taca {Will+}
rPois   ∞            (no helmet)
rElec   +            (no cloak)
rCorr   .            (no gloves)
SInv    .            (no boots)
Will    +....        (no amulet) Stlth
                     i - +4 ring of slaying
HPRegen 0.28/turn    h - ring of flight
MPRegen 0.11/turn

%: no passive effects
@: flying
A: sickness immunity, AC +5, negative energy resistance 1, electricity
resistance, torment resistance 1, petrification resistance
a: Renounce Religion, Potion Petition, Call Merchant, Bribe Branch


You were on level 6 of the Dungeon.
You worshipped Gozag.
Gozag was pleased with you.
You visited 1 branch of the dungeon, and saw 6 of its levels.
You also visited: Ossuary.

You collected 844 gold pieces.
You paid 20 gold pieces to Gozag.

Inventory:

Hand Weapons
 a - a +0 flail (weapon)
Missiles
 f - 8 poisoned darts (quivered)
Armour
 l - the +0 ring mail of Taca (worn) {Will+}
   (You found it on level 2 of the Dungeon)

   Will+:     It increases your willpower.
 m - a +0 tower shield (worn)
Magical Staves
 g - a staff of earth
Jewellery
 h - a ring of flight (right hand)
 i - a +4 ring of slaying (left hand)
Wands
 j - a wand of flame (25)
Scrolls
 k - a scroll of blinking
Potions
 b - a potion of invisibility
 c - a potion of brilliance {unknown}
 d - a potion of might
 e - a potion of curing
 n - a potion of cancellation
 o - a potion of enlightenment
 q - a potion of resistance {unknown}
 r - 2 potions of berserk rage {unknown}
 s - 2 potions of attraction {unknown}
 u - a potion of mutation {unknown}
 v - a potion of haste {unknown}


   Skills:
 + Level 6.4 Fighting
 + Level 5.3 Maces & Flails
 + Level 6.4 Armour
 + Level 6.5 Shields


You had 7 spell levels left.
You didn't know any spells.
Your spell library contained the following spells:

 Spells                   Type           Power      Damage    Failure   Level
 Blink                    Tloc           0%         N/A       99%         2
 Lesser Beckoning         Tloc           0%         N/A       99%         2
 Momentum Strike          Conj/Tloc      0%         3d8       99%         2
 Hailstorm                Conj/Ice       0%         3d3       100%        3
 Volatile Blastmotes      Fire/Tloc      0%         2d10      100%        3
 Fulminant Prism          Conj/Hex       0%         3d5       100%        4
 Iskenderun's Mystic Bla  Conj/Tloc      0%         2d3       100%        4
 Summon Ice Beast         Ice/Summ       0%         N/A       100%        4
 Simulacrum               Ice/Necr       Unusable   N/A       N/A         6

Dungeon Overview and Level Annotations

Branches:
Dungeon (6/15)             Temple (0/1) D:5         Ossuary (visited)

Altars:
Ashenzari
Cheibriados
Elyvilon
Gozag
Hepliaklqana
Vehumet

Shops:
D:3 ?

Annotations:
D:6 Grinder


Innate Abilities, Weirdness & Mutations

You are immune to sickness and miasma.
Your stone body is resilient. (AC +5)
You are immune to poison.
You resist negative energy. (rN+)
You are resistant to electric shocks. (rElec)
You are resistant to unholy torment.
You are immune to petrification.


Message History

You block Grinder's attack. You block the wight's attack.
Grinder gestures at you. You resist with some effort.
You block the wight's attack. x2
You hit the wight.
You destroy the wight!
You block Grinder's attack. You block the wight's attack.
Grinder attacks as she pursues you! You block Grinder's attack.
You block the wight's attack.
Things that are here:
24 gold pieces; a +0 falchion; a +0 robe of fire resistance You hit the wight.
The wight is lightly damaged.
You block Grinder's attack. The wight hits you but does no damage.
Grinder hits you.
You writhe in agony.
You closely miss the wight.
The wight is lightly damaged.
You block the wight's attack. Grinder barely misses you.
A wight comes into view. It is wielding a +0 battleaxe.
The wight hits you with a +4 halberd!
You hit the wight.
The wight is moderately damaged.
Grinder says, "Don't move a muscle."
Grinder hits you.
You writhe in agony.
You block the wight's attack.
You completely miss the wight.
The wight is moderately damaged.
Grinder hits you.
You writhe in agony.
The wight hits you with a +4 halberd. Grinder hits you.
You writhe in agony.
The wight completely misses you.
You barely miss the wight.
The wight is moderately damaged.
You block Grinder's attack. You block the wight's attack.
You closely miss the wight.
The wight is moderately damaged.
Grinder hits you but does no damage. The wight hits you but does no damage.
You hit the wight.
The wight is severely damaged.
Grinder hits you.
* * * LOW HITPOINT WARNING * * *
The wight hits you with a +4 halberd!
You die...
Your body crumbles into a pile of gold.

#......### ≈⌠$≈.≈.
#.####.... ≈≈.≈.≈.
#.# #..## ...§z≈.
#########.####..#
≈≈≈§.≈.
#...............#
§.§§.
#.########.####.# 5§§
#.# #...........#
#'######.####.####.##
#.zz@5...# #.# #.##
##.####### #.# #.#.
###.# #.# #.#. #...#
###.# #... #...#
#...# #.#.
####...####
#.######.#.
#.........#
#.###....##
#.........#
#.PPPPP.###
#.........# #.P$$$P.#


You could see Grinder and 2 wights.

Vanquished Creatures
  Menkaure (D:5)
  2 black bears
  An ogre (D:5)
  A phantom (D:6)
  4 scorpions
  A wight (D:6)
  2 centaur zombies (Ossuary)
  4 human zombies (Ossuary)
  4 hounds
  An orc wizard (D:6)
  2 mummies (Ossuary)
  7 adders
  A shadow imp (D:6)
  A white imp (D:5)
  An ufetubus (D:5)
  2 adder zombies (Ossuary)
  2 worms
  2 dart slugs
  4 orcs
  7 endoplasms
  3 giant cockroaches
  5 goblins
  7 hobgoblins
  4 jackals (D:3)
  3 quokkas
  8 ball pythons
  3 bats
  6 frilled lizards
  11 hobgoblin zombies (Ossuary)
  A jackal zombie (Ossuary)
  6 kobolds
  8 kobold zombies (Ossuary)
  8 orc zombies (Ossuary)
  A quokka zombie (D:4)
  6 rats
  2 rat zombies
132 creatures vanquished.

Notes
Turn   | Place    | Note
-------+----------+-------------------------------------------
     0 | D:1      | Dittersdorf the Gargoyle Fighter began the quest for the
                  | Orb.
     0 | D:1      | Reached XP level 1. HP: 14/14 MP: 1/1
   204 | D:1      | Reached XP level 2. HP: 19/19 MP: 2/2
   753 | D:2      | Reached XP level 3. HP: 21/23 MP: 3/3
   783 | D:2      | Identified the +0 ring mail of Taca {Will+}
   902 | D:2      | Found an opulent altar of Gozag.
   915 | D:2      | Became a worshipper of Gozag Ym Sagoz the Greedy
  1003 | D:2      | Reached XP level 4. HP: 26/29 MP: 4/4
  1552 | D:3      | Found The Oracle's Delphic Readings.
  1703 | D:3      | Found a broken altar of Ashenzari.
  1714 | D:3      | Found a hazy altar of Hepliaklqana.
  1804 | D:3      | Found a faded altar of an unknown god.
  2479 | D:4      | Found a sand-covered staircase.
  2501 | Ossuary  | Entered an ossuary
  2717 | Ossuary  | Reached XP level 5. HP: 32/33 MP: 5/5
  2744 | Ossuary  | Reached XP level 6. HP: 30/39 MP: 6/6
  2925 | D:4      | Reached skill level 5 in Shields
  3059 | D:4      | Reached skill level 5 in Fighting
  3059 | D:4      | Reached skill level 5 in Armour
  3059 | D:4      | Reached XP level 7. HP: 42/44 MP: 7/7
  3176 | D:4      | Found a radiant altar of Vehumet.
  3285 | D:4      | Found a snail-covered altar of Cheibriados.
  3598 | D:5      | Entered Level 5 of the Dungeon
  3621 | D:5      | Found a staircase to the Ecumenical Temple.
  3889 | D:5      | Noticed Menkaure
  3896 | D:5      | Killed Menkaure
  3905 | D:5      | Reached XP level 8. HP: 42/51 MP: 8/8
  4030 | D:5      | Found a white marble altar of Elyvilon.
  4424 | D:6      | Reached skill level 5 in Maces & Flails
  4583 | D:6      | Found an opulent altar of Gozag.
  5030 | D:6      | Noticed Grinder
  5030 | D:6      | Paralysed by Grinder for 3 turns
  5053 | D:6      | Slain by a wight

Illustrated notes

Levels and vault maps discovered:
D:1:      wheals_arrival_shading, layout_loops_cross
D:2:      cheibrodos_helix_gallery, layout_loops_ring, basic_altar
D:3:      layout_basic, mainiacjoe_overflow_large_starburst,
          shapermc_ecumenical_altar_pompeii, nicolae_nh_oracle_at_delphi
D:4:      layout_layer_cave, mainiacjoe_overflow_alcove_1,
          nicolae_vehumet_altar_sigil, enter_ossuary_4
D:5:      layout_rooms, elyvilon_altar_1, minmay_temple_entry_fiery,
          uniq_menkaure
D:6:      layout_loops_ring, grunt_gozag_statues, minmay_gold_behind_fungi,
          kennysheep_small_spiral, dk_rats_in_the_wall, uniq_grinder

Skill      XL: |  1  2  3  4  5  6  7  8 |
---------------+-------------------------+-----
Shields        | 4 5 6 |  6.5
Fighting       | 4 5 6 |  6.4
Armour         | 4 5 6 |  6.4
Maces & Flails | 3 4 5 |  5.3

Action                     |  1- 3 |  4- 6 |  7- 9 || total
---------------------------+-------+-------+-------++-------
  Melee: Flail             |    95 |   212 |   101 ||   408
  Throw: Dart              |       |       |    11 ||    11
  Evoke: Wand              |       |       |     2 ||     2
    Use: Scroll            |       |     7 |     6 ||    13
 Armour: Scale mail        |    10 |       |       ||    10
         Chain mail        |    14 |       |       ||    14
         Ring mail         |    10 |    87 |    67 ||   164
  Dodge: Dodged            |    39 |    98 |    57 ||   194
  Block: Buckler           |    21 |    40 |    12 ||    73
         Tower shield      |       |       |    73 ||    73

Table legend: (Time is in decaauts)
 A = Elapsed time spent in this place.
 B = Non-inter-level travel time spent in this place.
 C = Inter-level travel time spent in this place.
 D = Time resting spent in this place.
 E = Time spent auto-exploring this place.
 F = Levels seen in this place.
 G = Mean time per level.
                   A        B        C        D        E       F      G
               +--------+--------+--------+--------+--------+-----+--------+
         Total |   5171 |   4965 |    206 |      0 |   3841 |   7 |  738.7 |
       Dungeon |   4724 |   4518 |    206 |      0 |   3682 |   6 |  787.3 |
       Ossuary |    446 |    446 |      0 |      0 |    159 |   1 |  446.0 |
               +--------+--------+--------+--------+--------+-----+--------+

Top non-repeatable levels by time:
     D:4: 989 daAuts
     D:6: 855 daAuts
     D:1: 769 daAuts
     D:3: 755 daAuts
     D:2: 725 daAuts
     D:5: 629 daAuts
 Ossuary: 446 daAuts
